Map: 破晓之战 - 天梯版 (虚空)

Players

Zerghamdi

  • Race: Zerg Zerg
  • League: Master
  • Spawn Location: 1:00

iAsonu - Winner!

  • Race: Zerg Zerg
  • Spawn Location: 7:00

Event: WESG 2016 Finals

VOD

Have the link to the VOD?

Description

Time

  • Played on: Jan. 13, 2017, 5:09 a.m.
  • Length: 3:54

All games in this series

Show
View Real Time Build Order
Export as new Build Order

Zerghamdi Zerg 

Build Orders: Hatch First 

Get SALT Encoding   

  12  0:00  Drone  
  13  0:12  Overlord  
  13  0:17  Drone  
  14  0:30  Drone x2  
  14  0:35  Drone  
  17  0:58  Hatchery  
  17  0:59  Drone  
  17  1:03  Drone  
  18  1:06  Extractor  
  17  1:19  Spawning Pool  
  17  1:22  Drone  
  17  1:26  Drone  
  18  1:34  Drone  
  19  1:43  Drone  
  20  1:51  Overlord  
  20  2:07  Queen  
  22  2:09  Queen  
  24  2:18  Zergling x2  
  24  2:19  Zergling x2  
  28  2:22  Drone x2  
  28  2:26  Drone  
  29  2:31  Drone  
  29  2:36  Drone  
  31  2:43  Drone x2  
  33  2:46  Queen  
  35  3:00  Evolution Chamber  
  35  3:02  Roach Warren  
  35  3:04  Overlord  
  33  3:06  Drone  
  33  3:11  Drone x2  
  36  3:27  Drone x4  
  40  3:35  Evolution Chamber, Zergling x4  
  40  3:36  Zergling x2  
  44  3:45  Extractor  
Show
View Real Time Build Order
Export as new Build Order

iAsonu Zerg - Winner!

Build Orders: Hatch First 

Get SALT Encoding   

  12  0:01  Drone  
  13  0:12  Overlord  
  13  0:18  Drone  
  14  0:31  Drone  
  14  0:32  Drone  
  14  0:35  Drone  
  17  0:53  Hatchery  
  17  0:55  Drone  
  17  0:59  Drone  
  18  1:10  Extractor  
  17  1:14  Spawning Pool  
  17  1:17  Drone  
  17  1:21  Drone  
  18  1:28  Drone  
  19  1:41  Overlord  
  19  1:51  Drone  
  20  2:00  Queen  
  23  2:01  Zergling x2  
  23  2:04  Queen  
  23  2:05  Drone  
  26  2:10  Metabolic Boost  
  26  2:15  Drone  
  27  2:16  Drone  
  27  2:22  Drone  
  29  2:26  Drone  
  30  2:32  Drone  
  31  2:42  Hatchery  
  30  2:47  Baneling Nest  
  30  2:49  Drone  
  30  2:52  Overlord  
  30  2:54  Zergling x2  
  30  2:56  Zergling x2  
  32  3:01  Zergling x2  
  32  3:05  Zergling x2  
  34  3:12  Zergling x8  
  38  3:18  Zergling x2  
  38  3:19  Zergling x4  
  41  3:24  Overlord  
  41  3:26  Drone  
  42  3:31  Drone  
  43  3:37  Drone  
Tags
 
Add a new tag
Caveats
  • Supply blocks, unpowered buildings, or Contaminate may cause inaccurate times.
  • Supply counts are checked every 10 seconds.